TOP OF THE 1ST |
Red Deer Wranglers batting - Pitching for Moose Jaw Ghostbusters : RHP Pancho Hernández
|
Pitching: RHP Pancho Hernández
|
|
Batting: RHB Art Cameron
|
0-0: Ball 1-0: Foul Ball, location: 2F 1-1: Called Strike 1-2: Ball 2-2: SINGLE (Groundball, 4MD)
|
Batting: RHB Xavier López
|
0-0: Ball Art Cameron steals 2nd base 1-0: Ground out 4-3 (Groundball, 4) Art Cameron to third
|
Batting: RHB Luis Ibarra
|
0-0: Ball 1-0: Ball 2-0: Swinging Strike 2-1: Swinging Strike 2-2: Ground out 4-3 (Groundball, 4) Art Cameron scores
|
Batting: LHB Fred Abrams
|
0-0: Ground out 4-3 (Groundball, 4)
|
Top of the 1st over - 1 run(s), 1 hit(s), 0 error(s), 0 left on base; Red Deer 1 - Moose Jaw 0 |
BOTTOM OF THE 1ST |
Moose Jaw Ghostbusters batting - Pitching for Red Deer Wranglers : RHP Ron Chapman
|
Pitching: RHP Ron Chapman
|
|
Batting: SHB Carlos Córdova
|
0-0: Foul Ball, location: 2F 0-1: SINGLE (Line Drive, 6MD)
|
Batting: LHB Dave Stewart
|
0-0: Ball 1-0: Called Strike 1-1: Ball 2-1: Foul Ball, location: 2F 2-2: Ball 3-2: Foul Ball, location: 2F 3-2: Foul Ball, location: 2F 3-2: Foul Ball, location: 2F 3-2: Foul Ball, location: 2F 3-2: Base on Balls Carlos Córdova to second
|
Batting: RHB John Major
|
0-0: DOUBLE (Flyball, 8RD) Carlos Córdova scores Dave Stewart to third
|
Batting: RHB Billy Mullins
|
0-0: Called Strike 0-1: Ball 1-1: Ball 2-1: Ball 3-1: Called Strike 3-2: Base on Balls
|
Batting: LHB Will Vale
|
0-0: Grounds into double play, 6-4-3 (Groundball, 6) Dave Stewart scores John Major to third
|
Batting: RHB Luis Miguel Sánchez
|
0-0: Called Strike 0-1: Ball 1-1: Called Strike 1-2: Fly out, F9 (Flyball, 9)
|
Bottom of the 1st over - 2 run(s), 2 hit(s), 0 error(s), 1 left on base; Red Deer 1 - Moose Jaw 2 |
TOP OF THE 2ND |
Red Deer Wranglers batting - Pitching for Moose Jaw Ghostbusters : RHP Pancho Hernández
|
Batting: RHB Luis Peña
|
0-0: Ball 1-0: Called Strike 1-1: Called Strike 1-2: Ground out 6-3 (Groundball, 6)
|
Batting: LHB Andrew Veeck
|
0-0: Called Strike 0-1: Foul Ball, location: 2F 0-2: Ball 1-2: Foul Ball, location: 2F 1-2: Ball 2-2: Foul Ball, location: 2F 2-2: Foul Ball, location: 2F 2-2: Foul Ball, location: 2F 2-2: SINGLE (Line Drive, 78S)
|
Batting: RHB Ben Fisher
|
0-0: Ball 1-0: Called Strike 1-1: Called Strike Andrew Veeck steals 2nd base 1-2: Foul Ball, location: 2F 1-2: Strikes out swinging
|
Batting: RHB Ricardo González
|
0-0: Ball 1-0: Ball 2-0: Ball 3-0: Base on Balls
|
Batting: RHB Paul Swift
|
0-0: Foul Ball, location: 2F 0-1: Called Strike 0-2: Fly out, F8 (Flyball, 8LD)
|
Top of the 2nd over - 0 run(s), 1 hit(s), 0 error(s), 2 left on base; Red Deer 1 - Moose Jaw 2 |
BOTTOM OF THE 2ND |
Moose Jaw Ghostbusters batting - Pitching for Red Deer Wranglers : RHP Ron Chapman
|
Batting: SHB Martín Cruz
|
0-0: Ball 1-0: Fly out, F8 (Flyball, 8LM)
|
Batting: RHB Don Turner
|
0-0: Ball 1-0: Ball 2-0: Called Strike 2-1: SINGLE (Groundball, 4D)
|
Batting: RHB Andrew Weatherly
|
0-0: Swinging Strike 0-1: Ball 1-1: Swinging Strike 1-2: Strikes out looking
|
Batting: SHB Carlos Córdova
|
0-0: Ball 1-0: Called Strike 1-1: Ball Wild Pitch! Don Turner to second 2-1: Ground out 3-1 (Groundball, 34)
|
Bottom of the 2nd over - 0 run(s), 1 hit(s), 0 error(s), 1 left on base; Red Deer 1 - Moose Jaw 2 |
TOP OF THE 3RD |
Red Deer Wranglers batting - Pitching for Moose Jaw Ghostbusters : RHP Pancho Hernández
|
Batting: RHB Art Cameron
|
0-0: Ball 1-0: Ground out U3 (Groundball, 34)
|
Batting: RHB Xavier López
|
0-0: Called Strike 0-1: Called Strike 0-2: SINGLE (Line Drive, 6MD)
|
Batting: RHB Luis Ibarra
|
0-0: Called Strike 0-1: Ball 1-1: Ball 2-1: Foul Ball, location: 2F 2-2: Strikes out swinging
|
Batting: LHB Fred Abrams
|
0-0: Ball Xavier López steals 2nd base 1-0: Called Strike 1-1: Ball 2-1: Foul Ball, location: 2F 2-2: Foul Ball, location: 2F 2-2: DOUBLE (Groundball, 3L) Xavier López scores
|
Batting: RHB Luis Peña
|
0-0: Ball 1-0: Ball 2-0: Foul Ball, location: 2F 2-1: Swinging Strike 2-2: Fly out, F7 (Line Drive, 7S)
|
Top of the 3rd over - 1 run(s), 2 hit(s), 0 error(s), 1 left on base; Red Deer 2 - Moose Jaw 2 |
BOTTOM OF THE 3RD |
Moose Jaw Ghostbusters batting - Pitching for Red Deer Wranglers : RHP Ron Chapman
|
Batting: LHB Dave Stewart
|
0-0: Called Strike 0-1: Called Strike 0-2: Ground out 6-3 (Groundball, 6M)
|
Batting: RHB John Major
|
0-0: Ball 1-0: Ball 2-0: Foul Ball, location: 2F 2-1: Foul Ball, location: 2F 2-2: Ball 3-2: Base on Balls
|
Batting: RHB Billy Mullins
|
0-0: Ball 1-0: Foul Ball, location: 2F 1-1: Ball 2-1: Called Strike 2-2: SINGLE (Line Drive, 8LS) John Major to second
|
Batting: LHB Will Vale
|
0-0: Called Strike 0-1: Swinging Strike 0-2: Fielders Choice at 2nd, 5-4 (Groundball, 5) John Major to third
|
Batting: RHB Luis Miguel Sánchez
|
0-0: Ball 1-0: Foul Ball, location: 2F 1-1: Ball 2-1: Reached on error, E5 (Groundball, 56) John Major scores Will Vale to second
|
Batting: SHB Martín Cruz
|
0-0: Ball 1-0: Ball 2-0: Ball 3-0: Called Strike 3-1: Called Strike 3-2: Fly out, F8 (Flyball, 8LM)
|
Bottom of the 3rd over - 1 run(s), 1 hit(s), 1 error(s), 2 left on base; Red Deer 2 - Moose Jaw 3 |
TOP OF THE 4TH |
Red Deer Wranglers batting - Pitching for Moose Jaw Ghostbusters : RHP Pancho Hernández
|
Batting: LHB Andrew Veeck
|
0-0: Ball 1-0: Ball 2-0: Ball 3-0: Called Strike 3-1: Fly out, F8 (Line Drive, 8LM)
|
Batting: RHB Ben Fisher
|
0-0: Foul Ball, location: 2F 0-1: Called Strike 0-2: Ball 1-2: Strikes out swinging
|
Batting: RHB Ricardo González
|
0-0: Called Strike 0-1: Ball 1-1: Foul Ball, location: 2F 1-2: Ball 2-2: Ground out 3-1 (Groundball, 34S)
|
Top of the 4th over - 0 run(s), 0 hit(s), 0 error(s), 0 left on base; Red Deer 2 - Moose Jaw 3 |
BOTTOM OF THE 4TH |
Moose Jaw Ghostbusters batting - Pitching for Red Deer Wranglers : RHP Ron Chapman
|
Batting: RHB Don Turner
|
0-0: Called Strike 0-1: Ball 1-1: SINGLE (Line Drive, 8LS)
|
Batting: RHB Andrew Weatherly
|
0-0: Called Strike 0-1: Ball 1-1: Ball 2-1: Grounds into double play, 1-4-3 (Groundball, 15)
|
Batting: SHB Carlos Córdova
|
0-0: Ball 1-0: Ball 2-0: Called Strike 2-1: Ball 3-1: Base on Balls
|
Batting: LHB Dave Stewart
|
0-0: Called Strike Carlos Córdova steals 2nd base 0-1: Ball 1-1: DOUBLE (Line Drive, 89M) Carlos Córdova scores
|
Batting: RHB John Major
|
0-0: Ball 1-0: Ground out U3 (Groundball, 3)
|
Bottom of the 4th over - 1 run(s), 2 hit(s), 0 error(s), 1 left on base; Red Deer 2 - Moose Jaw 4 |
TOP OF THE 5TH |
Red Deer Wranglers batting - Pitching for Moose Jaw Ghostbusters : RHP Pancho Hernández
|
Batting: RHB Paul Swift
|
0-0: Ball 1-0: Called Strike 1-1: Foul Ball, location: 2F 1-2: Ground out 5-3 (Groundball, 56)
|
Batting: RHB Art Cameron
|
0-0: SOLO HOME RUN (Flyball, 7LD), Distance : 357 ft
|
Batting: RHB Xavier López
|
0-0: Called Strike 0-1: Ball 1-1: Swinging Strike 1-2: Foul Ball, location: 2F 1-2: Reached on error, E6 (Groundball, 6)
|
Batting: RHB Luis Ibarra
|
0-0: Ball 1-0: Ball 2-0: Called Strike 2-1: Swinging Strike 2-2: 2-RUN HOME RUN (Flyball, 7D), Distance : 376 ft
|
Batting: LHB Fred Abrams
|
0-0: Ball 1-0: Fly out, F8 (Flyball, 89D)
|
Batting: RHB Luis Peña
|
0-0: SINGLE (Groundball, 56D)
|
Batting: LHB Andrew Veeck
|
0-0: Fly out, F7 (Flyball, 7)
|
Top of the 5th over - 3 run(s), 3 hit(s), 1 error(s), 1 left on base; Red Deer 5 - Moose Jaw 4 |
BOTTOM OF THE 5TH |
Moose Jaw Ghostbusters batting - Pitching for Red Deer Wranglers : RHP Ron Chapman
|
Batting: RHB Billy Mullins
|
0-0: Foul Ball, location: 2F 0-1: Ball 1-1: Called Strike 1-2: Ball 2-2: Fly out, F4 (Popup, 34D)
|
Batting: LHB Will Vale
|
0-0: Ball 1-0: Foul Ball, location: 2F 1-1: Foul Ball, location: 2F 1-2: Foul Ball, location: 2F 1-2: Foul Ball, location: 2F 1-2: Foul Ball, location: 2F 1-2: SINGLE (Groundball, 3D)
|
Batting: RHB Luis Miguel Sánchez
|
0-0: Called Strike 0-1: Fly out, F9 (Flyball, 9LS)
|
Pitching: RHP Alejandro Arriaza
|
|
Batting: SHB Martín Cruz
|
0-0: Ball 1-0: SINGLE (Groundball, 6MD) Will Vale to second
|
Batting: RHB Don Turner
|
0-0: SINGLE (Groundball, 6) (infield hit) Will Vale to third Martín Cruz to second
|
Batting: RHB Andrew Weatherly
|
0-0: Called Strike 0-1: Ground out 3-1 (Groundball, 34)
|
Bottom of the 5th over - 0 run(s), 3 hit(s), 0 error(s), 3 left on base; Red Deer 5 - Moose Jaw 4 |
TOP OF THE 6TH |
Red Deer Wranglers batting - Pitching for Moose Jaw Ghostbusters : RHP Pancho Hernández
|
Pitching: RHP Bill Jones
|
|
Batting: RHB Ben Fisher
|
0-0: Foul Ball, location: 2F 0-1: Ball 1-1: Called Strike 1-2: Ball 2-2: Fly out, F4 (Popup, 4M)
|
Batting: RHB Ricardo González
|
0-0: Called Strike 0-1: Ball 1-1: Called Strike 1-2: SINGLE (Groundball, 4MD)
|
Batting: RHB Paul Swift
|
0-0: Called Strike 0-1: Called Strike 0-2: Ball 1-2: Ball 2-2: Strikes out swinging
|
Batting: RHB Art Cameron
|
0-0: 2-RUN HOME RUN (Flyball, 7LD), Distance : 354 ft
|
Batting: RHB Xavier López
|
0-0: Called Strike 0-1: Ball 1-1: Ball 2-1: Foul Ball, location: 2F 2-2: Ball 3-2: Foul Ball, location: 2F 3-2: Fly out, F5 (Line Drive, 56S)
|
Top of the 6th over - 2 run(s), 2 hit(s), 0 error(s), 0 left on base; Red Deer 7 - Moose Jaw 4 |
BOTTOM OF THE 6TH |
Moose Jaw Ghostbusters batting - Pitching for Red Deer Wranglers : RHP Alejandro Arriaza
|
Batting: SHB Carlos Córdova
|
0-0: Ball 1-0: Ball 2-0: Called Strike 2-1: Foul Ball, location: 2F 2-2: Ball 3-2: Ground out 1-3 (Groundball, 15S)
|
Batting: LHB Dave Stewart
|
0-0: Fly out, F8 (Flyball, 8RM)
|
Batting: RHB John Major
|
0-0: Ball 1-0: Ball 2-0: Called Strike 2-1: SOLO HOME RUN (Flyball, 8LXD), Distance : 418 ft
|
Batting: RHB Billy Mullins
|
0-0: Ball 1-0: Ball 2-0: Ball 3-0: Called Strike 3-1: Foul Ball, location: 2F 3-2: Base on Balls
|
Batting: LHB Will Vale
|
0-0: Ball 1-0: Called Strike Throwing error on steal attempt, E2 Billy Mullins to third 1-1: Ball 2-1: Ball 3-1: Base on Balls
|
Batting: RHB Luis Miguel Sánchez
|
0-0: Called Strike 0-1: Swinging Strike 0-2: Foul Ball, location: 2F 0-2: Strikes out swinging
|
Bottom of the 6th over - 1 run(s), 1 hit(s), 1 error(s), 2 left on base; Red Deer 7 - Moose Jaw 5 |
TOP OF THE 7TH |
Red Deer Wranglers batting - Pitching for Moose Jaw Ghostbusters : RHP Bill Jones
|
Batting: RHB Luis Ibarra
|
0-0: Ground out 6-3 (Groundball, 6)
|
Batting: LHB Fred Abrams
|
0-0: Ball 1-0: Called Strike 1-1: Swinging Strike 1-2: Strikes out looking
|
Batting: RHB Luis Peña
|
0-0: Called Strike 0-1: Ball 1-1: Ball 2-1: Foul Ball, location: 2F 2-2: Ground out 5-3 (Groundball, 5S)
|
Top of the 7th over - 0 run(s), 0 hit(s), 0 error(s), 0 left on base; Red Deer 7 - Moose Jaw 5 |
BOTTOM OF THE 7TH |
Moose Jaw Ghostbusters batting - Pitching for Red Deer Wranglers : RHP Alejandro Arriaza
|
Batting: SHB Martín Cruz
|
0-0: Called Strike 0-1: Called Strike 0-2: Ball 1-2: Ball 2-2: Ground out 6-3 (Groundball, 6)
|
Batting: RHB Don Turner
|
0-0: Ball 1-0: Ball 2-0: Called Strike 2-1: Swinging Strike 2-2: SINGLE (Groundball, 6) (infield hit)
|
Batting: RHB Andrew Weatherly
|
0-0: Ball 1-0: Swinging Strike 1-1: Ball Don Turner steals 2nd base 2-1: Swinging Strike 2-2: Ball 3-2: Strikes out looking
|
Batting: SHB Carlos Córdova
|
0-0: Foul Ball, location: 2F 0-1: Swinging Strike 0-2: Ball 1-2: Ball 2-2: Ball 3-2: Base on Balls
|
Pitching: RHP Ray Kimball
|
|
Batting: LHB Dave Stewart
|
0-0: Ball 1-0: Ball 2-0: Fielders Choice at 2nd, U4 (Groundball, 4M)
|
Bottom of the 7th over - 0 run(s), 1 hit(s), 0 error(s), 2 left on base; Red Deer 7 - Moose Jaw 5 |
TOP OF THE 8TH |
Red Deer Wranglers batting - Pitching for Moose Jaw Ghostbusters : RHP Bill Jones
|
Pitching: RHP Whit Johnson
|
|
Batting: LHB Andrew Veeck
|
0-0: Ball 1-0: SOLO HOME RUN (Flyball, 78XD), Distance : 410 ft
|
Batting: RHB Ben Fisher
|
0-0: Foul Ball, location: 2F 0-1: Ball 1-1: Called Strike 1-2: Ball 2-2: Strikes out swinging
|
Batting: RHB Ricardo González
|
0-0: Ball 1-0: Foul Ball, location: 2F 1-1: Ball 2-1: Foul Ball, location: 2F 2-2: Ball 3-2: Foul Ball, location: 2F 3-2: Strikes out swinging
|
Batting: RHB Paul Swift
|
0-0: Called Strike 0-1: Called Strike 0-2: Ball 1-2: Foul Ball, location: 2F 1-2: Ball 2-2: Ball 3-2: Foul Ball, location: 2F 3-2: Foul Ball, location: 2F 3-2: Foul Ball, location: 2F 3-2: Foul Ball, location: 2F 3-2: Fly out, F9 (Line Drive, 9D)
|
Top of the 8th over - 1 run(s), 1 hit(s), 0 error(s), 0 left on base; Red Deer 8 - Moose Jaw 5 |
BOTTOM OF THE 8TH |
Moose Jaw Ghostbusters batting - Pitching for Red Deer Wranglers : RHP Ray Kimball
|
Batting: RHB John Major
|
0-0: Called Strike 0-1: Ball 1-1: Ball 2-1: Ball 3-1: SOLO HOME RUN (Flyball, 7D), Distance : 389 ft
|
Batting: RHB Billy Mullins
|
0-0: Foul Ball, location: 2F 0-1: Ball 1-1: Foul Ball, location: 2F 1-2: Ball 2-2: Ball 3-2: Base on Balls
|
Pitching: LHP Macy Catron
|
|
Batting: LHB Will Vale
|
0-0: Called Strike 0-1: Ball Wild Pitch! Billy Mullins to second 1-1: Ball 2-1: Fly out, F6 (Line Drive, 6)
|
Pitching: RHP Raúl Zumaya
|
|
Batting: RHB Luis Miguel Sánchez
|
0-0: Foul Ball, location: 2F 0-1: Ball 1-1: Ground out 5-3 (Groundball, 56)
|
Batting: SHB Martín Cruz
|
0-0: Called Strike 0-1: Ball 1-1: Foul Ball, location: 2F 1-2: 2-RUN HOME RUN (Flyball, 7LD), Distance : 353 ft
|
Pinch Hitting: RHB Paco Hernández
|
0-0: Called Strike 0-1: Ball 1-1: Swinging Strike 1-2: SOLO HOME RUN (Flyball, 9D), Distance : 339 ft
|
Batting: RHB Andrew Weatherly
|
0-0: Called Strike 0-1: Called Strike 0-2: Ball 1-2: Strikes out swinging
|
Bottom of the 8th over - 4 run(s), 3 hit(s), 0 error(s), 0 left on base; Red Deer 8 - Moose Jaw 9 |
TOP OF THE 9TH |
Red Deer Wranglers batting - Pitching for Moose Jaw Ghostbusters : RHP Whit Johnson
|
Pitching: RHP Bennett Greer
|
|
Now in LF: Aaron Murray
|
|
Batting: RHB Art Cameron
|
0-0: Ball 1-0: Called Strike 1-1: Ball 2-1: Ball 3-1: Base on Balls
|
Batting: RHB Xavier López
|
0-0: Ball 1-0: Sac Bunt - play at first, batter OUT! 3-4 Art Cameron to second
|
Batting: RHB Luis Ibarra
|
0-0: Ball 1-0: Called Strike 1-1: Ball 2-1: Ground out 5-3 (Groundball, 5S) Art Cameron to third
|
Batting: LHB Fred Abrams
|
0-0: Called Strike 0-1: Ball 1-1: Called Strike 1-2: Strikes out looking
|
Top of the 9th over - 0 run(s), 0 hit(s), 0 error(s), 1 left on base; Red Deer 8 - Moose Jaw 9 |
|